 Dungeon Crawl Stone Soup version 0.30-a0-930-gb9d0489357 (webtiles) character file.

Game seed: 10015990128698957445

277 mopl the Slasher (level 6, -1/47 HPs)
             Began as a Merfolk Fighter on Mar 23, 2023.
             Slain by a kobold
             ... wielding a +0 whip
              (4 damage)
             ... on level 4 of the Dungeon.
             The game lasted 00:03:12 (2485 turns).

mopl the Slasher (Merfolk Fighter)                  Turns: 2485, Time: 00:03:13

Health: -1/47      AC:  6    Str: 25    XL:     6   Next: 25%
Magic:  6/6        EV:  9    Int:  7    God:
Gold:   89         SH:  4    Dex: 13    Spells: 5/5 levels left

rFire   . . .      SeeInvis .    a - +0 long sword
rCold   + . .      Faith    .    c - +0 buckler
rNeg    . . .      Spirit   .    b - +0 scale mail
rPois   .          Reflect  .    (no helmet)
rElec   .          Rampage  .    (no cloak)
rCorr   .                        (no gloves)
Will    .....                    (no boots) Stlth
                                 n - amulet of magic regeneration
HPRegen 0.27/turn                g - +6 ring of strength
MPRegen 0.50/turn                l - ring of protection from cold

@: no status effects
A: (nimble swimmer 2), mertail
a: no special abilities


You were on level 4 of the Dungeon.
You visited 1 branch of the dungeon, and saw 4 of its levels.

You collected 145 gold pieces.
You spent 56 gold pieces at shops.

Inventory:

Hand Weapons
 a - a +0 long sword (weapon)
Armour
 b - a +0 scale mail (worn)
 c - a +0 buckler (worn)
Jewellery
 g - a +6 ring of strength (left hand)
 l - a ring of protection from cold (right hand)
 n - an amulet of magic regeneration (around neck)
Scrolls
 f - 3 scrolls of identify {unknown}
 j - 2 scrolls of enchant armour {unknown}
 q - a scroll of amnesia {unknown}
 t - a scroll of immolation {unknown}
 u - a scroll of teleportation {unknown}
Potions
 d - 2 potions of might
 e - 2 potions of brilliance {unknown}
 h - a potion of berserk rage {unknown}
 i - a potion of invisibility {unknown}
 k - 2 potions of heal wounds {unknown}
 m - 2 potions of curing
 o - a potion of haste {unknown}
 p - a potion of ambrosia {unknown}
 r - a potion of mutation {unknown}
 s - 2 potions of resistance {unknown}


   Skills:
 - Level 3.2 Fighting
 * Level 7.7 Long Blades
 - Level 2.1 Armour
 - Level 3.0 Shields


You had 5 spell levels left.
You didn't know any spells.
Your spell library contained the following spells:

 Spells                   Type           Power      Damage    Failure   Level
 Foxfire                  Conj/Fire      0%         2x1d4     83%         1
 Magic Dart               Conj           0%         1d3       83%         1
 Shock                    Conj/Air       0%         1d3       83%         1
 Sting                    Tmut/Pois      0%         1d3       83%         1
 Call Imp                 Summ           0%         N/A       92%         2
 Poisonous Vapours        Pois/Air       0%         N/A       92%         2
 Mephitic Cloud           Conj/Pois/Air  0%         N/A       99%         3
 Olgreb's Toxic Radiance  Pois           0%         N/A       100%        4
 Fireball                 Conj/Fire      0%         3d3       100%        5
 Starburst                Conj/Fire      0%         6d3       100%        6


Dungeon Overview and Level Annotations

Branches:
Dungeon (4/15)
 Temple: D:4-7

Altars:
Hepliaklqana
Sif Muna

Shops:
D:2 *

Annotations:
D:3 1 runed translucent door, Crazy Yiuf


Innate Abilities, Weirdness & Mutations

((You are very nimble when in or above water. (Stealth+, EV+, Speed+++)))
Your lower body shifts to a powerful aquatic tail in water.


Message History

The howler monkey hits you. The phantom hits you.
The kobold hits you but does no damage.
You hit the phantom.
The phantom is heavily damaged.
The howler monkey hits you. The phantom hits you. The kobold barely misses you.
You slash the phantom!
The phantom is severely damaged.
The howler monkey barely misses you. The kobold barely misses you.
The phantom hits you but does no damage.
You closely miss the phantom.
The phantom is severely damaged.
The howler monkey hits you.
The phantom hits you but does no damage.
You block the kobold's attack.
You barely miss the phantom.
The phantom is severely damaged.
The howler monkey hoots and howls with incredible vigour!
The kobold hits you with a +0 whip.
* * * LOW HITPOINT WARNING * * *
The phantom hits you but does no damage.
The howler monkey hits you.
* * * LOW HITPOINT WARNING * * *
You hear an angry hiss.
You hear a bark!
You hear an angry hiss.
You hear a bark!
You hit the phantom.
The phantom is severely damaged.
The howler monkey closely misses you. The kobold hits you but does no damage.
The phantom completely misses you.
You completely miss the phantom.
The phantom is severely damaged.
An adder comes into view.
The howler monkey closely misses you. The phantom hits you.
* * * LOW HITPOINT WARNING * * *
The kobold closely misses you.
You barely miss the phantom.
The phantom is severely damaged.
The howler monkey hits you.
* * * LOW HITPOINT WARNING * * *
The kobold hits you with a +0 whip.
You die...

.# /. .. .. .## ##: ..
#$S #.# .. .) #.? .# #
....#.K#W# .#.
.....sh@.###...# .
...####....=.#.. ...
##..........
#....####...........
....................
#####.#
.#.##...............
.......
###...##................
#####.......##........ .
#.......# #......


You could see a phantom, a scorpion, a howler monkey, an adder and a kobold.

Vanquished Creatures
  An ice beast (D:4)
  A scorpion (D:3)
  An orc priest (D:4)
  A gnoll (D:1)
  An adder (D:2)
  2 worms
  4 dart slugs (D:1)
  6 orcs
  8 bats
  2 endoplasms
  3 giant cockroaches
  6 hobgoblins
  6 quokkas
  5 ball pythons
  3 frilled lizards
  4 kobolds
  9 rats
63 creatures vanquished.

Notes
Turn   | Place    | Note
-------+----------+-------------------------------------------
     0 | D:1      | mopl the Merfolk Fighter began the quest for the Orb.
     0 | D:1      | Reached XP level 1. HP: 18/18 MP: 1/1
    78 | D:1      | Reached skill level 3 in Long Blades
   185 | D:1      | Reached XP level 2. HP: 24/24 MP: 2/2
   295 | D:1      | Reached skill level 4 in Long Blades
   396 | D:1      | Reached XP level 3. HP: 27/29 MP: 3/3
   579 | D:1      | Found a faded altar of an unknown god.
   582 | D:1      | Got Plato's Grimoire of the Tempest
   827 | D:2      | Reached skill level 5 in Long Blades
   939 | D:2      | Reached XP level 4. HP: 30/35 MP: 4/4
  1051 | D:2      | Found Cemnos's General Store.
  1067 | D:2      | Bought a scroll of noise for 14 gold pieces
  1067 | D:2      | Bought a potion of curing for 42 gold pieces
  1522 | D:3      | Found a hazy altar of Hepliaklqana.
  1910 | D:3      | Found a shimmering blue altar of Sif Muna.
  2011 | D:3      | Found a runed translucent door.
  2012 | D:3      | Noticed Crazy Yiuf
  2064 | D:4      | Noticed a scorpion
  2064 | D:4      | Noticed an ice beast
  2086 | D:3      | Killed a scorpion
  2087 | D:3      | Reached skill level 6 in Long Blades
  2087 | D:3      | Reached XP level 5. HP: 5/41 MP: 5/5
  2220 | D:4      | Killed an ice beast
  2221 | D:4      | Reached skill level 7 in Long Blades
  2221 | D:4      | Reached XP level 6. HP: 38/47 MP: 6/6
  2485 | D:4      | Slain by a kobold

Illustrated notes

Levels and vault maps discovered:
D:1:      scummos_arrival_hexagon, layout_basic,
          shapermc_ecumenical_altar_rom_forum, grunt_decor_fettered
D:2:      layout_loops_ring, serial_shops, shop
D:3:      layout_loops_ring, mainiacjoe_overflow_swirl, uniq_crazy_yiuf_cottage
D:4:      layout_rooms, serial_shops, nicolae_shop_trees

Skill      XL: |  1  2  3  4  5 |
---------------+----------------+-----
Long Blades    | 3 4 5 6 7 |  7.7
Fighting       | |  3.2
Armour         | |  2.1
Shields        | |  3.0

Action                     |  1- 3 |  4- 6 || total
---------------------------+-------+-------++-------
  Melee: Long sword        |    99 |   131 ||   230
    Use: Scroll            |       |     1 ||     1
         Potion            |       |     1 ||     1
 Armour: Scale mail        |    44 |    49 ||    93
  Dodge: Dodged            |    40 |    58 ||    98
  Block: Buckler           |    14 |    23 ||    37

Table legend: (Time is in decaauts)
 A = Elapsed time spent in this place.
 B = Non-inter-level travel time spent in this place.
 C = Inter-level travel time spent in this place.
 D = Time resting spent in this place.
 E = Time spent auto-exploring this place.
 F = Levels seen in this place.
 G = Mean time per level.
                   A        B        C        D        E       F      G
               +--------+--------+--------+--------+--------+-----+--------+
         Total |   2524 |   2428 |     96 |    349 |   1567 |   4 |  631.0 |
       Dungeon |   2524 |   2428 |     96 |    349 |   1567 |   4 |  631.0 |
               +--------+--------+--------+--------+--------+-----+--------+

Top non-repeatable levels by time:
     D:3: 950 daAuts
     D:1: 780 daAuts
     D:2: 576 daAuts
     D:4: 216 daAuts
